 Dungeon Crawl Stone Soup version 0.31-a0-455-g1a7b003ef0 (webtiles) character file.

Game seed: 8729348908746241016

3920 holysushi the Nimble (level 10, 0/64 HPs)
             Began as a Djinni Shapeshifter on Aug 3, 2023.
             Was a Priest of Wu Jian.
             Slain by a centaur warrior
             ... wielding a staff of death
              (2 damage)
             ... on level 9 of the Dungeon.
             The game lasted 00:13:11 (7492 turns).

holysushi the Nimble (Djinni Shapeshifter)          Turns: 7492, Time: 00:13:12

Health: 0/64       AC:  2    Str: 19    XL:     10   Next: 43%
Gold:   444        EV: 18    Int:  9    God:    Wu Jian [***...] SH:  6 Dex: 19

rFire   + +          .
                       - Unarmed
rCold   x x .        A - +2 buckler
rNeg    . . .        a - +0 animal skin
rPois   ∞            (helmet currently unavailable)
rElec   .            (cloak currently unavailable)
rCorr   .            (gloves currently unavailable)
SInv    .            (boots unavailable)
Will    +....        s - amulet of the Telling Messenger {+Inv rC- Regen+ Str+5 Slay+5}
Stlth   ++           u - ring of wizardry
HPRegen 1.10/turn    (no ring)
MPRegen 0.00/turn

%: wizardry (x1), infuse magic (-1 HP)
@: beast-form, flying, hasted, very quick
A: beast (slay +4), flying, sickness immunity, fire resistance 2, cold
vulnerability 1, float, innate caster, HP casting, extra vitality 1
a: Begin Untransformation, Renounce Religion, Evoke Invisibility, Wall Jump,
Serpent's Lash


You were on level 9 of the Dungeon.
You worshipped Wu Jian.
Wu Jian was most pleased with you.
You were a hulking beast.
You visited 2 branches of the dungeon, and saw 10 of its levels.

You collected 444 gold pieces.

Inventory:

Missiles
 C - 3 throwing nets
Armour
 a - a +0 animal skin (worn)
 e - +0 storm dragon scales
 q - a +0 kite shield
 A - a +2 buckler (worn)
Jewellery
 s - the amulet of the Telling Messenger (around neck) {+Inv rC- Regen+ Str+5 Slay+5}
   (You found it on level 3 of the Dungeon)

   [amulet of regeneration]

   Str:       It affects your strength (+5).
   Slay:      It affects your accuracy & damage with ranged weapons and melee
   (+5).
   rC:        It makes you vulnerable to cold.
   +Inv:      It lets you turn invisible.
   Regen:     It increases your rate of health regeneration.
 u - a ring of wizardry (left hand)
 x - an amulet of regeneration
Talismans
 c - a beast talisman (active)
 o - a maw talisman
Wands
 y - a wand of flame (25)
 B - a wand of iceblast (8)
 D - a wand of light (19)
 E - a wand of charming (7)
Scrolls
 f - 11 scrolls of identify {unknown}
 h - a scroll of noise {unknown}
 j - 4 scrolls of immolation {unknown}
 k - 6 scrolls of teleportation {unknown}
 l - a scroll of silence {unknown}
 m - 2 scrolls of poison {unknown}
 n - a scroll of acquirement {unknown}
 t - a scroll of blinking {unknown}
 v - a scroll of fear {unknown}
 z - 2 scrolls of brand weapon {unknown}
 F - a scroll of fog {unknown}
Potions
 b - a potion of might
 g - a potion of haste
 i - a potion of heal wounds {unknown}
 p - 2 potions of degeneration {unknown}
 r - 3 potions of curing {unknown}
 w - 2 potions of mutation {unknown}
 G - a potion of brilliance {unknown}


   Skills:
 - Level 1.9 Fighting
 * Level 9.9 Dodging
 + Level 8.3 Unarmed Combat
 - Level 3.0 Spellcasting
 - Level 3.0 Conjurations
 - Level 3.0 Hexes
 - Level 3.0 Summonings
 - Level 3.0 Necromancy
 - Level 3.0 Translocations
 - Level 3.0 Transmutations
 - Level 3.0 Fire Magic
 - Level 3.0 Ice Magic
 - Level 3.0 Air Magic
 - Level 3.0 Earth Magic
 - Level 3.0 Poison Magic
 + Level 1.9 Evocations
 - Level 5.8 Shapeshifting


You knew the following spells:

 Your Spells              Type           Power      Damage    Failure   Level
a - Sandblast             Erth           12%        2d6       4%          1
b - Static Discharge      Conj/Air       12%        2-3/arc   7%          2
c - Gell's Gravitas       Tloc           6%         N/A       13%         3
d - Mephitic Cloud        Conj/Pois/Air  6%         N/A       13%         3
Your spell library was empty.

Dungeon Overview and Level Annotations

Branches:
Dungeon (9/15) Zot: 26018  Temple (1/1) D:4 Zot: 5957
   Lair: D:8-11         Orc: D:9-12

Altars:
Ashenzari
Cheibriados
Dithmenos
Elyvilon
Fedhas
Gozag
Hepliaklqana
Makhleb
Nemelex Xobeh
Okawaru
Qazlal
Ru
Trog
Uskayaw
Wu Jian
Xom
Yredelemnul
Zin
The Shining One

Annotations:
D:8 1 transporter
D:9 1 runed translucent door, Maggie, Psyche


Innate Abilities, Weirdness & Mutations

You are a hulking beast.
Your limbs bulge with bestial killing power. (Slay +4)
You are flying.
You are immune to sickness and miasma.
You are immune to poison.
Your flesh is very heat resistant. (rF++)
You are vulnerable to cold. (rC-)
You float through the air rather than walking.
You learn spells naturally, not from books.
Your magical power is your life essence.
You have superior vitality. (+4 MHP)


Message History

The killer bee attacks as you move away!
The killer bee misses you. You block the killer bee's attack.
You punch the killer bee!
You kill the killer bee!
The Council accepts your kill.
There is a stone staircase leading down here.
You see here a killer bee corpse.
You start resting.
HP restored.
You fly downwards.
Level annotation: 1 runed translucent door, Maggie, Psyche The centaur warrior shoots an arrow.
The arrow hits you!!
There is a stone staircase leading up here.
You hit the centaur warrior.
The centaur warrior is lightly wounded.
The centaur warrior unwields a +0 shortbow.
The centaur warrior wields a staff of death.
The centaur warrior hits you with a staff of death!
You writhe in agony.
The centaur warrior barely misses you.
You hit the centaur warrior.
The centaur warrior is lightly wounded.
The centaur warrior hits you with a staff of death!
* * * LOW HITPOINT WARNING * * *
You writhe in agony.
* * * LOW HITPOINT WARNING * * *
The centaur warrior misses you.
The centaur warrior hits you with a staff of death.
* * * LOW HITPOINT WARNING * * *
You writhe in agony!
* * * LOW HITPOINT WARNING * * *
The centaur warrior kicks you.
* * * LOW HITPOINT WARNING * * *
You punch the centaur warrior!
The centaur warrior is moderately wounded.
The centaur warrior misses you. The centaur warrior barely misses you.
It was a potion of haste.
You feel yourself speed up. You block the centaur warrior's attack.
The centaur warrior kicks you.
* * * LOW HITPOINT WARNING * * *
The centaur warrior hits you with a staff of death.
You die...

,,* ######.Y.###..##*,,,*,,*,,*,*
,,* ####...###..###.*,,**,**,,***
,,* ##...##†..###c..,,*,,,,⌠,,,,*
,,* ##.#...###..###Y*,***,,**,**,
,,**##.###...###..##*,*,*,,*,,*,,
,,,,..)........###..*,**,**,**,*,
,,,*########.#...###,,***,*,*,***
,,,*########.......###**,,,******
,,,* #...†hc...##,,*,,*,*,* ,,,*
#..###.....#*,*,*,*,,* ,,,* #,.#
###...##,,*,*,*** ,,,* *,,*
###..#,**,**,*, ,,,* *,,*
##.##,,*,***, ,,,* *,,*
#..#,*,*,*,,
,,,*********,,*******#..#*,,***,,
,,,,,,,,,,,,,,,,.........#**,*,,,
****************########c#*,**,,*


You could see a centaur warrior.

Vanquished Creatures
  A hornet (D:9)
  3 steam dragons
  Grum (D:8)
  3 water moccasins
  An orc warrior (D:7)
  A sky beast (D:6)
  An ice beast (D:6)
  An ogre (D:4)
  2 black bears
  3 wolves (D:8)
  3 centaurs
  A phantom (D:5)
  3 bullfrogs
  A gnoll sergeant (D:5)
  3 scorpions (D:6)
  4 killer bees (D:8)
  4 crimson imps (D:6)
  3 hounds
  3 jellies (D:6)
  5 orc priests
  2 gnoll boudas
  3 iguanas
  6 orc wizards
  13 gnolls
  11 adders
  A shadow imp (D:7)
  2 white imps
  2 ufetubi (D:6)
  3 worms
  2 dart slugs
  21 orcs
  4 endoplasms
  3 giant cockroaches
  4 goblins
  7 hobgoblins
  7 jackals
  4 quokkas
  5 ball pythons
  5 bats
  2 frilled lizards
  9 kobolds
  11 rats
174 creatures vanquished.

Vanquished Creatures (others)
  A gnoll sergeant (D:9)
  A killer bee (D:9)
  An orc wizard (D:3)
3 creatures vanquished.

Grand Total: 177 creatures vanquished

Notes
Turn   | Place    | Note
-------+----------+-------------------------------------------
     0 | D:1      | holysushi the Djinni Shapeshifter began the quest for the
                  | Orb.
     0 | D:1      | Reached XP level 1. HP: 17/17 MP: 0/0
    73 | D:1      | Reached XP level 2. HP: 21/22 MP: 0/0
   449 | D:1      | Reached XP level 3. HP: 23/27 MP: 0/0
   449 | D:1      | Learned a level 1 spell: Sandblast
   964 | D:2      | Reached XP level 4. HP: 33/33 MP: 0/0
  1408 | D:2      | Reached skill level 3 in Dodging
  1515 | D:3      | Identified the amulet of the Telling Messenger {+Inv rC-
                  | Regen+ Str+5 Slay+5}
  1899 | D:3      | Reached XP level 5. HP: 26/38 MP: 0/0
  1899 | D:3      | Learned a level 2 spell: Static Discharge
  2385 | D:4      | Found a staircase to the Ecumenical Temple.
  2426 | D:4      | Reached XP level 6. HP: 43/43 MP: 0/0
  2433 | Temple   | Found a transporter.
  2433 | Temple   | Found a transporter.
  2433 | Temple   | Found a transporter.
  2433 | Temple   | Found a transporter.
  2433 | Temple   | Entered the Ecumenical Temple
  2461 | Temple   | Became a worshipper of the Wu Jian Council
  2583 | D:4      | Reached skill level 4 in Dodging
  2906 | D:4      | Noticed an ogre
  2926 | D:4      | Killed an ogre
  2949 | D:4      | Reached XP level 7. HP: 48/48 MP: 0/0
  2949 | D:4      | Learned a level 3 spell: Gell's Gravitas
  3202 | D:5      | Entered Level 5 of the Dungeon
  3246 | D:5      | Reached skill level 5 in Unarmed Combat
  3292 | D:5      | Reached * piety under Wu Jian
  3293 | D:5      | Reached skill level 5 in Dodging
  3668 | D:5      | Reached skill level 1 in Spellcasting
  3668 | D:5      | Reached skill level 1 in Conjurations
  3668 | D:5      | Reached skill level 1 in Hexes
  3668 | D:5      | Reached skill level 1 in Summonings
  3668 | D:5      | Reached skill level 1 in Necromancy
  3668 | D:5      | Reached skill level 1 in Translocations
  3668 | D:5      | Reached skill level 1 in Transmutations
  3668 | D:5      | Reached skill level 1 in Fire Magic
  3668 | D:5      | Reached skill level 1 in Ice Magic
  3668 | D:5      | Reached skill level 1 in Air Magic
  3668 | D:5      | Reached skill level 1 in Earth Magic
  3668 | D:5      | Reached skill level 1 in Poison Magic
  3668 | D:5      | Reached XP level 8. HP: 51/54 MP: 0/0
  4274 | D:6      | Reached skill level 6 in Dodging
  4336 | D:6      | Reached skill level 5 in Shapeshifting
  4336 | D:6      | Reached XP level 9. HP: 55/58 MP: 0/0
  4336 | D:6      | Learned a level 3 spell: Mephitic Cloud
  4589 | D:6      | Found a shimmering altar of Xom.
  4946 | D:7      | Reached ** piety under Wu Jian
  5005 | D:7      | Reached skill level 7 in Dodging
  5951 | D:8      | Found a sparkling altar of Nemelex Xobeh.
  5951 | D:8      | Found a transporter.
  5951 | D:8      | Noticed a cyclops
  6000 | D:8      | Reached skill level 8 in Dodging
  6010 | D:8      | Reached *** piety under Wu Jian
  6107 | D:8      | Noticed Grum
  6110 | D:8      | Reached XP level 10. HP: 64/64 MP: 0/0
  6114 | D:8      | Killed Grum
  6220 | D:8      | Reached skill level 9 in Dodging
  6504 | D:9      | Noticed Maggie
  6567 | D:9      | Found a runed translucent door.
  6643 | D:9      | Reached skill level 1 in Evocations
  6650 | D:9      | Noticed Psyche
  6662 | D:9      | Noticed a centaur warrior
  7490 | D:9      | HP: 3/64 [centaur warrior/staff of death (7)]
  7490 | D:9      | HP: 1/64 [centaur warrior/staff of death (2)]
  7492 | D:9      | Slain by a centaur warrior

Illustrated notes

Levels and vault maps discovered:
D:1:      shiori_shiawase, layout_basic
D:2:      layout_basic, minmay_misc_feat_cross, chequers_serial_rivers_small_b
D:3:      layout_basic
D:4:      layout_basic, minmay_temple_entry_arrows,
          minmay_a_box_with_orc_wizards_in_it
D:5:      layout_cave_pools, serial_co_window_serial, co_window_corner_a,
          co_window_paths_a, co_window_paths_a, co_window_paths_a,
          co_window_paths_b, co_window_corner_b, co_window_corner_b,
          co_window_corner_ca, co_window_unsneaky_path_d, co_window_paths_e,
          co_window_4corner_a, glass_columns_c, glass_columns_c,
          glass_columns_b, glass_columns_a, glass_columns_a
D:6:      layout_cave_pools, led_xom_imps
D:7:      layout_basic
D:8:      layout_loops_ring, grunt_nemelex_the_gamble, uniq_grum
D:9:      minmay_the_grid_four_pointed_star
          [minmay_the_grid_triangle_9x9_corruption,
          minmay_the_grid_triangle_9x9_windchime,
          minmay_the_grid_triangle_9x9_subtriangle,
          minmay_the_grid_triangle_9x9_shrine, minmay_the_grid_prize_trominoes],
          layout_small_grid, mainiacjoe_overflow_chevrons, uniq_maggie,
          uniq_psyche
Temple:   hellmonk_temple_divided_pantheon

Skill      XL: |  1  2  3  4  5  6  7  8  9 10 |
---------------+-------------------------------+-----
Shapeshifting  | 3 4 5 |  5.8
Dodging        | 3 4 5 6 8 9 |  9.9
Unarmed Combat | 4 5 6 7 8 |  8.3
Spellcasting   | 1 2 3 |  3.0
Conjurations   | 1 2 3 |  3.0
Hexes          | 1 2 3 |  3.0
Summonings     | 1 2 3 |  3.0
Necromancy     | 1 2 3 |  3.0
Translocations | 1 2 3 |  3.0
Transmutations | 1 2 3 |  3.0
Fire Magic     | 1 2 3 |  3.0
Ice Magic      | 1 2 3 |  3.0
Air Magic      | 1 2 3 |  3.0
Earth Magic    | 1 2 3 |  3.0
Poison Magic   | 1 2 3 |  3.0
Evocations     | 1 |  1.9
Fighting       | |  1.9

Action                     |  1- 3 |  4- 6 |  7- 9 | 10-12 || total
---------------------------+-------+-------+-------+-------++-------
  Melee: Unarmed           |    81 |   118 |   254 |    85 ||   538
         Punch             |     1 |     2 |       |       ||     3
   Cast: Sandblast         |       |       |     6 |       ||     6
Ability: Lunge             |       |     7 |    28 |     4 ||    39
         Whirlwind         |       |       |    37 |    12 ||    49
    Use: Potion            |       |       |     2 |     2 ||     4
         Scroll            |       |       |       |     1 ||     1
   Stab: Sleeping          |     1 |     4 |     4 |     2 ||    11
 Armour: Animal skin       |    17 |     7 |    17 |     3 ||    44
         Skin              |       |       |     7 |       ||     7
  Dodge: Dodged            |    55 |    61 |   114 |    68 ||   298
  Block: Kite shield       |       |    20 |    16 |       ||    36
         Buckler           |       |       |    56 |    40 ||    96

Table legend: (Time is in decaauts)
 A = Elapsed time spent in this place.
 B = Non-inter-level travel time spent in this place.
 C = Inter-level travel time spent in this place.
 D = Time resting spent in this place.
 E = Time spent auto-exploring this place.
 F = Levels seen in this place.
 G = Mean time per level.
                   A        B        C        D        E       F      G
               +--------+--------+--------+--------+--------+-----+--------+
         Total |   7454 |   7217 |    237 |   1045 |   4500 |  10 |  745.4 |
       Dungeon |   7411 |   7184 |    227 |   1045 |   4500 |   9 |  823.4 |
        Temple |     42 |     32 |     10 |      0 |      0 |   1 |   42.0 |
               +--------+--------+--------+--------+--------+-----+--------+

Top non-repeatable levels by time:
     D:5: 906 daAuts
     D:7: 878 daAuts
     D:9: 862 daAuts
     D:4: 855 daAuts
     D:3: 846 daAuts
     D:6: 817 daAuts
     D:2: 784 daAuts
     D:8: 783 daAuts
     D:1: 676 daAuts
  Temple: 42 daAuts
